 Dungeon Crawl Stone Soup version 0.29-a0-275-g389c0b56f3 (webtiles) character file.

Game seed: 16574980535806289958

1208 siradein the Skirmisher (level 8, -1/70 HPs)
             Began as a White Draconian Hunter on Mar 9, 2022.
             Was an Initiate of Ashenzari.
             Slain by Pikel
             ... wielding a +2 whip of flaming
              (2 damage)
             ... on level 5 of the Dungeon on Mar 10, 2022.
             The game lasted 00:21:04 (6331 turns).

siradein the Skirmisher (White Draconian Hunter)    Turns: 6331, Time: 00:21:05

Health: -1/70      AC:  7    Str: 15    XL:     8   Next: 21%
Magic:  8/8        EV: 14    Int: 11    God:    Ashenzari [......]
Gold:   226        SH:  0    Dex: 16    Spells: 7/7 levels left

rFire   . . .      SeeInvis .   a - +1 hand crossbow
rCold   + . .      Faith    .   (no shield)
rNeg    . . .      Spirit   .   (body armour unavailable)
rPois   +          Reflect  .   (helmet restricted)
rElec   .          Harm     .   (no cloak)
rCorr   .          Rampage  .   (no gloves)
Will    +....                   (no boots)
Stlth   +++.......              (no amulet)
HPRegen 0.21/turn               e - ring of poison resistance
MPRegen 0.11/turn               (no ring)

@: about to teleport
A: breathe frost, AC +6, unfitting armour, cold resistance 1, cold-blooded,
agile 1, strong-willed 1, shaggy fur 1, wild magic 1
a: Breathe Frost, Renounce Religion


You were on level 5 of the Dungeon.
You worshipped Ashenzari.
Ashenzari was noncommittal.
You visited 2 branches of the dungeon, and saw 6 of its levels.
You also visited: Sewer.

You collected 226 gold pieces.

Inventory:

Hand Weapons
 a - a +1 hand crossbow (weapon)
Jewellery
 e - a ring of poison resistance (left hand)
Scrolls
 c - 2 scrolls of amnesia
 d - 5 scrolls of teleportation
 g - 2 scrolls of enchant weapon {unknown}
 h - 3 scrolls of fear {unknown}
 j - a scroll of blinking {unknown}
 l - 3 scrolls of noise {unknown}
 m - a scroll of fog
 o - a scroll of magic mapping
 q - a scroll of silence {unknown}
 r - 2 scrolls of vulnerability {unknown}
Potions
 b - a potion of curing
 f - 2 potions of haste
 k - 2 potions of brilliance
 n - a potion of invisibility {unknown}
 p - 3 potions of magic {unknown}
 t - 2 potions of attraction {unknown}
 u - a potion of might {unknown}
 v - a potion of degeneration {unknown}
 w - a potion of mutation


   Skills:
 + Level 5.8 Fighting
 + Level 5.7 Crossbows
 + Level 4.8 Dodging
 + Level 4.8 Stealth


You had 7 spell levels left.
You didn't know any spells.
Your spell library contained the following spells:

 Spells                   Type           Power      Damage    Failure   Level
 Magic Dart               Conj           0%         1d3       43%         1
 Sandblast                Erth           0%         2d4       43%         1
 Call Imp                 Summ           0%         N/A       56%         2
 Passwall                 Tmut/Erth      0%         N/A       56%         2
 Mephitic Cloud           Conj/Pois/Air  0%         N/A       78%         3
 Stone Arrow              Conj/Erth      0%         3d7       78%         3


Dungeon Overview and Level Annotations

Branches:
Dungeon (5/15)             Temple (1/1) D:4           Sewer (visited)

Altars:
Ashenzari
Cheibriados
Dithmenos
Elyvilon
Fedhas
Gozag
Hepliaklqana
Kikubaaqudgha
Makhleb
Nemelex Xobeh
Okawaru
Qazlal
Sif Muna
Trog
Wu Jian
Xom
Yredelemnul
The Shining One

Shops:
D:2 =   D:3 (   D:4 ?

Annotations:
D:5 Pikel


Innate Abilities, Weirdness & Mutations

You can breathe waves of freezing cold which knock back foes.
Your icy white scales are hard. (AC +6)
You cannot fit into any form of body armour.
Your flesh is cold resistant. (rC+)
You are cold-blooded and may be slowed by cold attacks.
You are agile. (Dex +2)
You are strong-willed. (Will+)
You are covered in fur. (AC +1)
Your spells are a little harder to cast, but a little more powerful.


Message History

Aiming: Breathe Frost (4% risk of failure)
Press: ? - help, Shift-Dir - straight line, f/p - Pikel
Aim: Pikel, wielding a +2 whip of flaming, wearing a +2 robe of willpower and carrying a wand of iceblast (6) (60% to hit)
You exhale a wave of freezing cold.
The freezing breath hits Pikel but does no damage.
Pikel says, "Hell isn't that bad."
You shoot a bolt. The bolt barely misses Pikel.
Pikel drinks a potion.
Pikel goes berserk!
Pikel attacks as you move away!
Pikel hits you with a +2 whip of flaming!
Pikel burns you. Pikel barely misses you. Pikel attacks as you move away!
Pikel barely misses you.
Pikel hits you with a +2 whip of flaming!
Pikel burns you!
* * * LOW HITPOINT WARNING * * *
Pikel attacks as you move away! Pikel barely misses you.
Pikel hits you with a +2 whip of flaming!
* * * LOW HITPOINT WARNING * * *
Pikel burns you.
* * * LOW HITPOINT WARNING * * *
Okay, then.
You feel much better.
Pikel hits you with a +2 whip of flaming.
Pikel burns you.
As you read the scroll of teleportation, it crumbles to dust.
You feel strangely unstable.
Pikel hits you with a +2 whip of flaming.
Pikel burns you.
* * * LOW HITPOINT WARNING * * *
Pikel hits you with a +2 whip of flaming.
* * * LOW HITPOINT WARNING * * *
Pikel burns you.
* * * LOW HITPOINT WARNING * * *
You have got your breath back.
Pikel rages.
Pikel attacks as you move away!
Pikel hits you with a +2 whip of flaming!
* * * LOW HITPOINT WARNING * * *
Pikel burns you.
You die...

#.#
#.........###
#.#
#........[...
#.#
#.......##.##
#.#
#..#+#..##.#
#.#
#..รท_'..##.#
#.#
#.5#+#..##.#
##<####
#......###.#
#.....#
##K....##..#
##.##@#
#.###.##.##
####K#
#..##.##.#
#.#
##K##.##.#
##.#
###.##.##.###
#..#
#...##.......
#.##
#K#######.###
#.# #.# #.#
#5# #.# #.#
##.## #.# #.#


You could see Pikel (berserk) and a lemure.

Vanquished Creatures
  Grinder (D:3)
  Menkaure (D:5)
  An ogre (D:4)
  2 kobold brigands (Sewer)
  An orc priest (D:4)
  2 hounds
  An orc wizard (D:4)
  Natasha (thrice) (D:4)
  3 iguanas
  Robin (D:2)
  8 adders
  7 gnolls
  12 river rats
  A white imp (D:5)
  7 worms
  10 orcs
  6 ball pythons
  7 endoplasms
  3 giant cockroaches
  13 goblins
  8 hobgoblins
  4 jackals (D:1)
  13 kobolds
  3 quokkas
  4 bats
  3 frilled lizards (D:1)
  10 rats
135 creatures vanquished.

Notes
Turn   | Place    | Note
-------+----------+-------------------------------------------
     0 | D:1      | siradein the Draconian Hunter began the quest for the Orb.
     0 | D:1      | Reached XP level 1. HP: 17/17 MP: 1/1
    41 | D:1      | Reached skill level 1 in Stealth
    83 | D:1      | Reached XP level 2. HP: 25/25 MP: 2/2
  1022 | D:1      | Gained mutation: You are covered in fur. (AC +1) [potion of
                  | mutation]
  1022 | D:1      | Gained mutation: You are strong-willed. (Will+) [potion of
                  | mutation]
  1022 | D:1      | Gained mutation: Your spells are a little harder to cast,
                  | but a little more powerful. [potion of mutation]
  1022 | D:1      | Gained mutation: You are agile. (Dex +2) [potion of
                  | mutation]
  1066 | D:2      | Reached XP level 3. HP: 30/30 MP: 3/3
  1087 | D:2      | Found Fauxkez's Jewellery Boutique.
  1409 | D:2      | Found a faded altar of an unknown god.
  1789 | D:3      | Found Unatar's Weapon Emporium.
  2041 | D:3      | Noticed Robin
  2045 | D:3      | Reached XP level 4. HP: 38/38 MP: 4/4
  2109 | D:2      | Killed Robin
  2902 | D:3      | Noticed Grinder
  2905 | D:3      | Reached XP level 5. HP: 42/45 MP: 5/5
  2921 | D:3      | Paralysed by Grinder for 4 turns
  2925 | D:3      | Killed Grinder
  2926 | D:3      | Reached XP level 6. HP: 46/52 MP: 6/6
  3273 | D:4      | Found an iron altar of Okawaru.
  3453 | D:4      | Your scales start taking on an icy white colour.
  3453 | D:4      | Reached XP level 7. HP: 40/60 MP: 7/7
  3453 | D:4      | Gained mutation: Your flesh is cold resistant. (rC+) [White
                  | Draconian growth]
  3473 | D:4      | Reached skill level 5 in Crossbows
  3758 | D:4      | Found a glowing drain.
  3763 | Sewer    | Entered a sewer
  4135 | Sewer    | Reached skill level 5 in Fighting
  4528 | D:4      | Found Ufanug's Magic Scroll Emporium.
  4551 | D:4      | Noticed Natasha
  4557 | D:4      | Killed Natasha
  4636 | D:4      | Found a staircase to the Ecumenical Temple.
  4762 | Temple   | Entered the Ecumenical Temple
  4856 | Temple   | Became a worshipper of Ashenzari the Shackled
  5074 | D:4      | Noticed Natasha
  5084 | D:4      | Killed Natasha
  5281 | D:4      | Found Ufanug's Magic Scroll Emporium.
  5298 | D:4      | Found an iron altar of Okawaru.
  5372 | D:4      | Found a staircase to the Ecumenical Temple.
  5595 | D:4      | Noticed Natasha
  5607 | D:4      | Killed Natasha
  5793 | D:5      | Entered Level 5 of the Dungeon
  5802 | D:5      | Noticed Menkaure
  5805 | D:5      | Killed Menkaure
  5806 | D:5      | Reached XP level 8. HP: 69/69 MP: 8/8
  5993 | D:5      | Found a white marble altar of Elyvilon.
  6199 | D:5      | Noticed Pikel
  6331 | D:5      | HP: 1/70 [Pikel/+2 whip of flaming (15)]
  6331 | D:5      | Slain by Pikel

Illustrated notes

Levels and vault maps discovered:
D:1:      minmay_arrival_plants_in_alcoves, layout_basic, moated_statue
D:2:      layout_loops_ring, ebering_ecumenical_altar_webs, serial_shops,
          nicolae_lakefront_shop, hangedman_decor_points, chequers_garden
D:3:      layout_basic, serial_shops, nicolae_shop_advertising_works
          [nicolae_subvault_shop_adworks], minmay_misc_feat_room, uniq_grinder,
          uniq_robin
D:4:      layout_basic, mainiacjoe_overflow_cross_hatched, temple_hall,
          lightli_sewer_entry_pipes, serial_shops, shop, uniq_natasha
D:5:      layout_loops_ring, kennysheep_mini_moat, amcnicky_altar_gilded,
          uniq_pikel, uniq_menkaure
Temple:   lightli_temple_of_artemis

Skill      XL: |  1  2  3  4  5  6  7 |
---------------+----------------------+-----
Stealth        | 1 2 3 4 |  4.8
Dodging        | 2 3 4 |  4.8
Fighting       | 3 4 5 |  5.8
Crossbows      | 4 5 |  5.7

Action                   |  1- 3 |  4- 6 |  7- 9 || total
-------------------------+-------+-------+-------++-------
 Fire: Hand crossbow     |   105 |   130 |   253 ||   488
 Abil: Breathe Frost     |       |       |    14 ||    14
  Use: Scroll            |     7 |     1 |     2 ||    10
       Potion            |     1 |       |     1 ||     2
Armor: Skin              |     4 |    25 |    29 ||    58
Dodge: Dodged            |     3 |    53 |   102 ||   158

Table legend: (Time is in decaauts)
 A = Elapsed time spent in this place.
 B = Non-inter-level travel time spent in this place.
 C = Inter-level travel time spent in this place.
 D = Time resting spent in this place.
 E = Time spent auto-exploring this place.
 F = Levels seen in this place.
 G = Mean time per level.
                   A        B        C        D        E       F      G
               +--------+--------+--------+--------+--------+-----+--------+
         Total |   6678 |   6549 |    129 |    318 |   4880 |   7 |  954.0 |
       Dungeon |   5677 |   5549 |    128 |    318 |   4116 |   5 | 1135.4 |
        Temple |    108 |    108 |      0 |      0 |     81 |   1 |  108.0 |
         Sewer |    891 |    891 |      0 |      0 |    682 |   1 |  891.0 |
               +--------+--------+--------+--------+--------+-----+--------+

Top non-repeatable levels by time:
     D:4: 1674 daAuts
     D:3: 1540 daAuts
     D:1: 1059 daAuts
   Sewer: 891 daAuts
     D:2: 887 daAuts
     D:5: 515 daAuts
  Temple: 108 daAuts
